Atlantic City Gamblers vs Quebec Remparts
Created - Thursday, September 5, 2024 at 10:50
Goals
|
| Atlantic City Gamblers |
0 |
1 |
1 |
2 |
| Quebec Remparts |
1 |
0 |
4 |
5 |
|
Shots
|
| Atlantic City Gamblers |
6 |
7 |
9 |
22 |
| Quebec Remparts |
4 |
16 |
11 |
31 |
|
1st period
1. Quebec Remparts , Hendrix Lapierre 6 (Joshua Roy 7) at 15:07
Penalties :
Jordan Spence (QUE) for Interference (Minor) at 0:22, David Jiricek (QUE) for Slashing (Minor) at 5:38, Maximus Wanner (QUE) for Interference (Minor) at 15:54
2nd period
2. Atlantic City Gamblers , Boris Katchouk 6 (Ronnie Attard 4, Isac Lundestrom 12) at 14:45
Penalties :
Ronnie Attard (ACG) for Roughing (Minor) at 19:30
3rd period
3. Atlantic City Gamblers , Boris Katchouk 7 (Alexander Holtz 12, Dustin Wolf) at 5:02 (PP)
4. Quebec Remparts , Joshua Roy 12 (Thomas Bordeleau 11, Andreas Athanasiou 9) at 5:35
5. Quebec Remparts , Olle Lycksell 2 (David Jiricek 10, Rasmus Kupari 6) at 7:34
6. Quebec Remparts , Paul Cotter 3 (Gavin White 1, Thomas Bordeleau 12) at 18:58
7. Quebec Remparts , Andreas Athanasiou 9 (Thomas Bordeleau 13, Devon Levi) at 19:42 (PP)
Penalties :
David Jiricek (QUE) for Hooking (Minor) at 4:48, Nils Hoglander (ACG) for Interference (Minor) at 19:05
Goalie Stats
Dustin Wolf (ACG), 26 saves from 31 shots - (0.839), L, 4-4-0, 60:00 minutes
Devon Levi (QUE), 20 saves from 22 shots - (0.909), W, 1-0-0, 60:00 minutes
Players Stats for Atlantic City Gamblers
Player Name G A P +/- PIM S H SB GA TA FO MP PP MP PK MP
------------------------------------------------------------------------------------
Alexander Holtz 0 1 1 -2 0 6 3 0 2 0 0/1 18:45 3:14 0:00
Ben King 0 0 0 0 0 3 0 1 0 0 2/2 15:32 0:00 0:23
Boris Katchouk 2 0 2 -2 0 3 1 0 0 0 0/0 20:01 3:14 1:11
Callan Foote 0 0 0 -3 0 0 0 0 0 2 0/0 12:50 0:00 0:00
Filip Johansson 0 0 0 0 0 0 0 0 0 0 0/0 7:39 0:00 0:00
Filip Roos 0 0 0 -3 0 0 0 0 0 0 0/0 13:59 0:00 1:13
Isac Lundestrom 0 1 1 -1 0 2 1 1 1 0 8/15 22:44 2:57 1:25
Ivan Miroshnichenko 0 0 0 -1 0 1 3 0 0 3 0/1 15:17 0:00 0:00
Jakub Lauko 0 0 0 -1 0 2 1 0 0 0 2/7 15:14 0:00 0:00
Linus Karlsson 0 0 0 -2 0 1 3 1 1 0 3/9 19:18 3:14 0:00
Michael Vukojevic 0 0 0 0 0 0 0 0 0 0 0/1 8:20 0:00 0:02
Nathan Bastian 0 0 0 0 0 0 0 1 1 0 3/5 19:50 2:57 1:11
Nicolas Hague 0 0 0 -1 0 0 3 1 0 0 0/0 19:30 2:54 1:21
Nils Hoglander 0 0 0 0 2 2 0 2 0 0 3/8 22:05 2:57 1:02
Noah Juulsen 0 0 0 -1 0 0 1 4 0 0 0/0 19:30 2:54 1:21
Ronnie Attard 0 1 1 1 2 2 0 1 0 1 0/0 18:49 3:17 0:00
Simon Edvinsson 0 0 0 1 0 0 0 2 0 1 0/0 20:05 3:17 1:15
Yegor Sokolov 0 0 0 0 0 0 2 0 0 1 0/0 7:54 0:00 0:00
Players Stats for Quebec Remparts
Player Name G A P +/- PIM S H SB GA TA FO MP PP MP PK MP
------------------------------------------------------------------------------------
Adam Edstrom 0 0 0 1 0 1 0 0 0 0 0/2 15:52 1:09 0:00
Andreas Athanasiou 1 1 2 1 0 3 4 1 1 0 0/0 19:09 1:27 2:53
David Jiricek 0 1 1 1 4 2 1 0 1 0 0/0 23:12 1:14 2:11
Dysin Mayo 0 0 0 0 0 0 1 1 1 0 0/0 21:13 1:22 2:57
Gavin White 0 1 1 2 0 0 1 0 0 0 0/0 16:26 0:00 1:49
Hendrix Lapierre 1 0 1 1 0 5 5 0 0 1 5/12 18:59 1:09 3:02
Ivan Ivan 0 0 0 0 0 0 0 0 0 0 0/0 3:32 0:00 0:00
Jakub Demek 0 0 0 0 0 0 3 0 0 0 0/0 6:43 0:00 0:00
Jordan Spence 0 0 0 1 2 0 1 1 2 1 0/0 23:19 1:14 1:52
Joshua Roy 1 1 2 1 0 2 1 0 0 0 1/1 16:07 1:09 0:10
Kevin Rooney 0 0 0 1 0 3 2 0 0 1 6/8 14:49 0:00 0:00
Matthew Poitras 0 0 0 0 0 1 0 0 1 1 4/4 7:55 0:00 0:18
Maximus Wanner 0 0 0 2 2 0 2 0 0 1 0/0 14:37 0:00 0:24
Olle Lycksell 1 0 1 1 0 7 0 0 0 0 0/0 14:11 0:00 0:00
Paul Cotter 1 0 1 1 0 3 3 1 0 0 0/0 19:04 1:27 3:06
Rasmus Kupari 0 1 1 1 0 0 0 0 0 0 0/0 14:11 0:00 0:00
Ryan Shea 0 0 0 0 0 1 1 0 1 0 0/0 21:25 1:22 3:09
Thomas Bordeleau 0 3 3 1 0 3 0 0 1 0 12/22 23:01 1:27 2:53
3 Stars
1 - Andreas Athanasiou (QUE)
2 - Hendrix Lapierre (QUE)
3 - Joshua Roy (QUE)
Power Play
Atlantic City Gamblers - 1 on 4 Attempt(s) - 25.00%
Quebec Remparts - 1 on 2 Attempt(s) - 50.00%
Penalty Kill
Atlantic City Gamblers - 1 on 2 Attempt(s) - 50.00%
- Score 0 goal in Penalty Kill
Quebec Remparts - 3 on 4 Attempt(s) - 75.00%
- Score 0 goal in Penalty Kill
Team Stat
Atlantic City Gamblers - Hits : 18 - Faceoff Wins : 21 - Blocked Shots : 14 - Penalty Minutes : 4
Quebec Remparts - Hits : 25 - Faceoff Wins : 28 - Blocked Shots : 4 - Penalty Minutes : 8
Official
Referees : Beaudry Halkidis and Brandon Blandina
Linesman : Ryan Gibbons and Mark Shewchyk
Game Notes
No Game Note
Atlantic City Gamblers
5 vs 5 Forward
Center Left Wing Right Wing Time % Phy DF OF
1 Isac Lundestrom Nils Hoglander Nathan Bastian 30 1 2 2
2 Linus Karlsson Boris Katchouk Alexander Holtz 30 1 2 2
3 Jakub Lauko Ivan Miroshnichenko Ben King 25 1 2 2
4 Nils Hoglander Yegor Sokolov Isac Lundestrom 15 1 2 2
5 vs 5 Defense
Defense Defense Time % Phy DF OF
1 Nicolas Hague Noah Juulsen 30 1 2 2
2 Simon Edvinsson Ronnie Attard 30 1 2 2
3 Callan Foote Filip Roos 25 1 2 2
4 Michael Vukojevic Filip Johansson 15 1 2 2
PowerPlay Forward
Center Left Wing Right Wing Time % Phy DF OF
1 Isac Lundestrom Nils Hoglander Nathan Bastian 50 1 2 2
2 Linus Karlsson Boris Katchouk Alexander Holtz 50 1 2 2
PowerPlay Defense
Defense Defense Time % Phy DF OF
1 Nicolas Hague Noah Juulsen 50 1 2 2
2 Simon Edvinsson Ronnie Attard 50 1 2 2
Penalty Kill 4 Players Forward
Center Wing Time % Phy DF OF
1 Nils Hoglander Isac Lundestrom 50 1 2 2
2 Nathan Bastian Boris Katchouk 50 1 2 2
Penalty Kill 4 Players Defense
Defense Defense Time % Phy DF OF
1 Nicolas Hague Noah Juulsen 50 1 2 2
2 Simon Edvinsson Ronnie Attard 50 1 2 2
Penalty Kill - 3 Players Forward
Forward Time % Phy DF OF
1 Nils Hoglander 50 1 2 2
2 Isac Lundestrom 50 1 2 2
Penalty Kill - 3 Players Defense
Defense Defense Time % Phy DF OF
1 Nicolas Hague Noah Juulsen 50 1 2 2
2 Simon Edvinsson Ronnie Attard 50 1 2 2
4 vs 4 Forward
Center Wing Time % Phy DF OF
1 Nils Hoglander Isac Lundestrom 50 1 2 2
2 Nathan Bastian Boris Katchouk 50 1 2 2
4 vs 4 Defense
Defense Defense Time % Phy DF OF
1 Nicolas Hague Noah Juulsen 50 1 2 2
2 Simon Edvinsson Ronnie Attard 50 1 2 2
Last Minutes Offensive
Center Left Wing Right Wing Defense Defense
Isac Lundestrom Nils Hoglander Nathan Bastian Nicolas Hague Noah Juulsen
Last Minutes Defensive
Center Left Wing Right Wing Defense Defense
Isac Lundestrom Nils Hoglander Nathan Bastian Nicolas Hague Noah Juulsen
Goaltenders
Starting : Dustin Wolf
Backup : Unknown Goalie
Extra Forwards
Normal : Jakub Lauko, Ivan Miroshnichenko, Ben King - PP : Jakub Lauko, Ivan Miroshnichenko - PK : Ben King
Extra Defensemen
Normal : Callan Foote, Filip Roos, Michael Vukojevic - PP : Callan Foote - PK : Filip Roos, Michael Vukojevic
Penalty Shots
Nils Hoglander, Isac Lundestrom, Nathan Bastian, Boris Katchouk, Alexander Holtz
Scratches
Daniil Chayka (Healthy), Caedan Bankier (Healthy), Artyom Grushnikov (Healthy), Jean-Luc Foudy (Healthy), Layton Ahac (Healthy)
Alex Beaucage (Healthy), Nico Daws (Healthy), Isaiah Saville (Healthy)
Quebec Remparts
5 vs 5 Forward
Center Left Wing Right Wing Time % Phy DF OF
1 Thomas Bordeleau Andreas Athanasiou Paul Cotter 30 1 2 2
2 Hendrix Lapierre Joshua Roy Adam Edstrom 30 1 2 2
3 Kevin Rooney Rasmus Kupari Olle Lycksell 25 1 2 2
4 Matthew Poitras Thomas Bordeleau Jakub Demek 15 1 2 2
5 vs 5 Defense
Defense Defense Time % Phy DF OF
1 Jordan Spence David Jiricek 30 1 2 2
2 Ryan Shea Dysin Mayo 30 1 2 2
3 Maximus Wanner Gavin White 25 1 2 2
4 Jordan Spence David Jiricek 15 1 2 2
PowerPlay Forward
Center Left Wing Right Wing Time % Phy DF OF
1 Thomas Bordeleau Andreas Athanasiou Paul Cotter 50 1 2 2
2 Hendrix Lapierre Joshua Roy Adam Edstrom 50 1 2 2
PowerPlay Defense
Defense Defense Time % Phy DF OF
1 Jordan Spence David Jiricek 50 1 2 2
2 Ryan Shea Dysin Mayo 50 1 2 2
Penalty Kill 4 Players Forward
Center Wing Time % Phy DF OF
1 Thomas Bordeleau Andreas Athanasiou 50 1 2 2
2 Hendrix Lapierre Paul Cotter 50 1 2 2
Penalty Kill 4 Players Defense
Defense Defense Time % Phy DF OF
1 Jordan Spence David Jiricek 50 1 2 2
2 Ryan Shea Dysin Mayo 50 1 2 2
Penalty Kill - 3 Players Forward
Forward Time % Phy DF OF
1 Thomas Bordeleau 50 1 2 2
2 Andreas Athanasiou 50 1 2 2
Penalty Kill - 3 Players Defense
Defense Defense Time % Phy DF OF
1 Jordan Spence David Jiricek 50 1 2 2
2 Ryan Shea Dysin Mayo 50 1 2 2
4 vs 4 Forward
Center Wing Time % Phy DF OF
1 Thomas Bordeleau Andreas Athanasiou 50 1 2 2
2 Hendrix Lapierre Paul Cotter 50 1 2 2
4 vs 4 Defense
Defense Defense Time % Phy DF OF
1 Jordan Spence David Jiricek 50 1 2 2
2 Ryan Shea Dysin Mayo 50 1 2 2
Last Minutes Offensive
Center Left Wing Right Wing Defense Defense
Thomas Bordeleau Andreas Athanasiou Paul Cotter Jordan Spence David Jiricek
Last Minutes Defensive
Center Left Wing Right Wing Defense Defense
Thomas Bordeleau Andreas Athanasiou Paul Cotter Jordan Spence David Jiricek
Goaltenders
Starting : Devon Levi
Backup : Unknown Goalie
Extra Forwards
Normal : Ivan Ivan, Kevin Rooney, Matthew Poitras - PP : Ivan Ivan, Kevin Rooney - PK : Matthew Poitras
Extra Defensemen
Normal : Maximus Wanner, Gavin White, Ryan Shea - PP : Maximus Wanner - PK : Gavin White, Ryan Shea
Penalty Shots
Thomas Bordeleau, Andreas Athanasiou, Hendrix Lapierre, Paul Cotter, Kevin Rooney
Scratches
Ethan Samson (Healthy), Jared Davidson (Healthy), Avery Hayes (Healthy), Carson Golder (Healthy), Jamieson Rees (Healthy)
Matt Stienburg (Healthy), Keith Kinkaid (Healthy), Joseph Woll (Healthy)
% Time on Ice - Atlantic City Gamblers
Lines # - Real PCT - Wanted PCT - Time Play
Normal Forward
1 - 26% - 30% - 13:15
2 - 36% - 30% - 18:08
3 - 25% - 25% - 12:59
4 - 13% - 15% - 6:38
Normal Defense
1 - 30% - 30% - 15:15
2 - 30% - 30% - 15:33
3 - 25% - 25% - 12:33
4 - 15% - 15% - 7:39
PP Forward
1 - 48% - 50% - 2:57
2 - 52% - 50% - 3:14
PP Defense
1 - 47% - 50% - 2:54
2 - 53% - 50% - 3:17
PK Forward
1 - 54% - 50% - 1:25
2 - 46% - 50% - 1:11
PK Defense
1 - 52% - 50% - 1:21
2 - 48% - 50% - 1:15
PK3 Forward
1 - 0% - 50%
2 - 0% - 50%
PK3 Defense
1 - 0% - 50%
2 - 0% - 50%
44 Forward
1 - 0% - 50%
2 - 0% - 50%
44 Defense
1 - 0% - 50%
2 - 0% - 50%
Last Minute Offensive - 0:13
Last Minute Defensive - 0:00
Total
Forward - 60:00
Defense - 60:00
|
% Time on Ice - Quebec Remparts
Lines # - Real PCT - Wanted PCT - Time Play
Normal Forward
1 - 28% - 30% - 14:12
2 - 31% - 30% - 15:53
3 - 28% - 25% - 14:11
4 - 13% - 15% - 6:43
Normal Defense
1 - 28% - 30% - 14:23
2 - 34% - 30% - 17:28
3 - 27% - 25% - 13:51
4 - 10% - 15% - 5:17
PP Forward
1 - 56% - 50% - 1:27
2 - 44% - 50% - 1:09
PP Defense
1 - 47% - 50% - 1:14
2 - 53% - 50% - 1:22
PK Forward
1 - 47% - 50% - 2:56
2 - 53% - 50% - 3:15
PK Defense
1 - 52% - 50% - 3:14
2 - 48% - 50% - 2:57
PK3 Forward
1 - 0% - 50%
2 - 0% - 50%
PK3 Defense
1 - 0% - 50%
2 - 0% - 50%
44 Forward
1 - 0% - 50%
2 - 0% - 50%
44 Defense
1 - 0% - 50%
2 - 0% - 50%
Last Minute Offensive - 0:00
Last Minute Defensive - 0:14
Total
Forward - 60:00
Defense - 60:00
|
Play-by-Play
1st period
0:01 of 1st period - Thomas Bordeleau wins face-off versus Nils Hoglander in neutral zone.
0:14 of 1st period - Wrist shot by Nils Hoglander.
0:14 of 1st period - Shot Hit the Post.
0:22 of 1st period - Minor Penalty to Jordan Spence for Interference.
0:23 of 1st period - Isac Lundestrom wins face-off versus Thomas Bordeleau in Quebec Remparts zone.
0:50 of 1st period - David Jiricek is hit by Linus Karlsson and loses puck.
2:22 of 1st period - Penalty to Jordan Spence is over, Jordan Spence is back on ice.
2:26 of 1st period - Wrist shot by Matthew Poitras.
2:26 of 1st period - Deflect By Jordan Spence.
2:26 of 1st period - Shot Misses the Net.
2:26 of 1st period - Puck is out of play.
2:27 of 1st period - Jakub Lauko wins face-off versus Kevin Rooney in Atlantic City Gamblers zone.
3:12 of 1st period - Kevin Rooney is hit by Boris Katchouk and loses puck.
3:45 of 1st period - Ryan Shea is hit by Jakub Lauko and loses puck.
4:14 of 1st period - Wrist shot by Hendrix Lapierre.
4:14 of 1st period - Stopped by Dustin Wolf without a rebound.
4:15 of 1st period - Ben King wins face-off versus Adam Edstrom in Atlantic City Gamblers zone.
4:30 of 1st period - Snap shot by Alexander Holtz.
4:30 of 1st period - Stopped by Devon Levi without a rebound.
4:31 of 1st period - Thomas Bordeleau wins face-off versus Linus Karlsson in Quebec Remparts zone.
4:38 of 1st period - Slapshot by Alexander Holtz.
4:38 of 1st period - Stopped by Devon Levi without a rebound.
4:39 of 1st period - Nils Hoglander wins face-off versus Thomas Bordeleau in Quebec Remparts zone.
4:48 of 1st period - Snap shot by Isac Lundestrom.
4:48 of 1st period - Stopped by Devon Levi with a rebound.
4:50 of 1st period - Snap shot by Ronnie Attard.
4:50 of 1st period - Shot Misses the Net.
4:52 of 1st period - Slapshot by Nils Hoglander.
4:52 of 1st period - Deflect By Thomas Bordeleau.
4:52 of 1st period - Shot Misses the Net.
4:52 of 1st period - Puck is out of play.
4:53 of 1st period - Linus Karlsson wins face-off versus Adam Edstrom in Quebec Remparts zone.
5:09 of 1st period - Off-side.
5:10 of 1st period - Isac Lundestrom wins face-off versus Thomas Bordeleau in neutral zone.
5:17 of 1st period - Wrist shot by Isac Lundestrom.
5:17 of 1st period - Shot Misses the Net.
5:38 of 1st period - Minor Penalty to David Jiricek for Slashing.
5:39 of 1st period - Linus Karlsson wins face-off versus Hendrix Lapierre in Quebec Remparts zone.
5:40 of 1st period - Snap shot by Boris Katchouk.
5:40 of 1st period - Shot Misses the Net.
6:05 of 1st period - Icing by Simon Edvinsson.
6:06 of 1st period - Linus Karlsson wins face-off versus Hendrix Lapierre in Atlantic City Gamblers zone.
7:17 of 1st period - Andreas Athanasiou is hit by Nicolas Hague and loses puck.
7:38 of 1st period - Penalty to David Jiricek is over, David Jiricek is back on ice.
8:34 of 1st period - Backhand shot by Hendrix Lapierre.
8:34 of 1st period - Shot Misses the Net.
9:06 of 1st period - Hendrix Lapierre is hit by Yegor Sokolov and loses puck.
9:21 of 1st period - Nicolas Hague is hit by Paul Cotter and loses puck.
10:38 of 1st period - Andreas Athanasiou is hit by Ivan Miroshnichenko and loses puck.
11:24 of 1st period - Wrist shot by Joshua Roy.
11:24 of 1st period - Shot Misses the Net.
11:32 of 1st period - Linus Karlsson is hit by Jakub Demek.
12:02 of 1st period - Ronnie Attard is hit by Andreas Athanasiou and loses puck.
12:09 of 1st period - Slapshot by Paul Cotter.
12:09 of 1st period - Shot Misses the Net.
12:38 of 1st period - Icing by Yegor Sokolov.
12:39 of 1st period - Joshua Roy wins face-off versus Nils Hoglander in Atlantic City Gamblers zone.
13:06 of 1st period - Icing by Kevin Rooney.
13:07 of 1st period - Thomas Bordeleau wins face-off versus Jakub Lauko in Quebec Remparts zone.
13:16 of 1st period - Ivan Miroshnichenko is hit by Andreas Athanasiou and loses puck.
13:33 of 1st period - Slapshot by Linus Karlsson.
13:33 of 1st period - Stopped by Devon Levi with a rebound.
13:49 of 1st period - Wrist shot by Thomas Bordeleau.
13:49 of 1st period - Shot Blocked by Ronnie Attard.
13:51 of 1st period - Snap shot by Paul Cotter.
13:51 of 1st period - Deflect By Thomas Bordeleau.
13:51 of 1st period - Shot Misses the Net.
13:51 of 1st period - Puck is out of play.
13:52 of 1st period - Nils Hoglander wins face-off versus Hendrix Lapierre in Atlantic City Gamblers zone.
14:06 of 1st period - Off-side.
14:07 of 1st period - Kevin Rooney wins face-off versus Linus Karlsson in neutral zone.
14:34 of 1st period - David Jiricek is hit by Nicolas Hague.
14:56 of 1st period - Snap shot by Ivan Miroshnichenko.
14:56 of 1st period - Shot Misses the Net.
15:07 of 1st period - Wrist shot by Hendrix Lapierre.
15:07 of 1st period - Goal by Hendrix Lapierre - Atlantic City Gamblers : 0 - Quebec Remparts : 1.
15:08 of 1st period - Thomas Bordeleau wins face-off versus Nathan Bastian in neutral zone.
15:35 of 1st period - Linus Karlsson is hit by Kevin Rooney and loses puck.
15:45 of 1st period - Off-side.
15:46 of 1st period - Ben King wins face-off versus Thomas Bordeleau in neutral zone.
15:54 of 1st period - Minor Penalty to Maximus Wanner for Interference.
15:55 of 1st period - Nils Hoglander wins face-off versus Hendrix Lapierre in Quebec Remparts zone.
16:05 of 1st period - Slapshot by Hendrix Lapierre.
16:05 of 1st period - Shot Blocked by Nathan Bastian.
16:29 of 1st period - Wrist shot by Alexander Holtz.
16:29 of 1st period - Shot Blocked by Andreas Athanasiou.
16:31 of 1st period - Snap shot by Alexander Holtz.
16:31 of 1st period - Stopped by Devon Levi with a rebound.
17:54 of 1st period - Penalty to Maximus Wanner is over, Maximus Wanner is back on ice.
18:41 of 1st period - Icing by Matthew Poitras.
18:42 of 1st period - Matthew Poitras wins face-off versus Jakub Lauko in Quebec Remparts zone.
18:44 of 1st period - Icing by Thomas Bordeleau.
18:45 of 1st period - Matthew Poitras wins face-off versus Jakub Lauko in Quebec Remparts zone.
19:14 of 1st period - Wrist shot by Alexander Holtz.
19:14 of 1st period - Stopped by Devon Levi without a rebound.
19:15 of 1st period - Thomas Bordeleau wins face-off versus Isac Lundestrom in Quebec Remparts zone.
19:22 of 1st period - Slapshot by Andreas Athanasiou.
19:22 of 1st period - Shot Blocked by Isac Lundestrom.
19:24 of 1st period - Snap shot by Thomas Bordeleau.
19:24 of 1st period - Shot Blocked by Simon Edvinsson.
19:26 of 1st period - Slapshot by Paul Cotter.
19:26 of 1st period - Stopped by Dustin Wolf with a rebound.
19:30 of 1st period - Snap shot by Thomas Bordeleau.
19:30 of 1st period - Stopped by Dustin Wolf with a rebound.
Goals for this period are 0 for Atlantic City Gamblers vs 1 for Quebec Remparts.
Shots for this period are 6 for Atlantic City Gamblers vs 4 for Quebec Remparts.
2nd period
0:01 of 2nd period - Thomas Bordeleau wins face-off versus Isac Lundestrom in neutral zone.
0:37 of 2nd period - Wrist shot by Alexander Holtz.
0:37 of 2nd period - Stopped by Devon Levi with a rebound.
1:12 of 2nd period - Ryan Shea is hit by Yegor Sokolov and loses puck.
1:48 of 2nd period - Snap shot by Hendrix Lapierre.
1:48 of 2nd period - Stopped by Dustin Wolf with a rebound.
1:58 of 2nd period - Kevin Rooney is hit by Alexander Holtz and loses puck.
2:39 of 2nd period - Yegor Sokolov is hit by Jakub Demek and loses puck.
3:16 of 2nd period - Nicolas Hague is hit by Hendrix Lapierre and loses puck.
3:57 of 2nd period - Wrist shot by Andreas Athanasiou.
3:57 of 2nd period - Stopped by Dustin Wolf with a rebound.
3:59 of 2nd period - Wrist shot by Thomas Bordeleau.
3:59 of 2nd period - Stopped by Dustin Wolf with a rebound.
4:32 of 2nd period - Ben King is hit by Gavin White and loses puck.
4:51 of 2nd period - Snap shot by Paul Cotter.
4:51 of 2nd period - Shot Misses the Net.
4:53 of 2nd period - Wrist shot by Paul Cotter.
4:53 of 2nd period - Deflect By Alexander Holtz.
4:53 of 2nd period - Stopped by Dustin Wolf with a rebound.
5:21 of 2nd period - Hendrix Lapierre is hit by Ivan Miroshnichenko and loses puck.
5:45 of 2nd period - Wrist shot by Matthew Poitras.
5:45 of 2nd period - Shot Misses the Net.
5:49 of 2nd period - Snap shot by Thomas Bordeleau.
5:49 of 2nd period - Shot Misses the Net.
6:05 of 2nd period - Rasmus Kupari is hit by Isac Lundestrom and loses puck.
7:43 of 2nd period - Simon Edvinsson is hit by Paul Cotter and loses puck.
8:15 of 2nd period - Wrist shot by Olle Lycksell.
8:15 of 2nd period - Stopped by Dustin Wolf without a rebound.
8:16 of 2nd period - Kevin Rooney wins face-off versus Michael Vukojevic in Atlantic City Gamblers zone.
8:21 of 2nd period - Snap shot by Kevin Rooney.
8:21 of 2nd period - Stopped by Dustin Wolf with a rebound.
8:25 of 2nd period - Snap shot by Olle Lycksell.
8:25 of 2nd period - Shot Blocked by Noah Juulsen.
8:27 of 2nd period - Slapshot by Ryan Shea.
8:27 of 2nd period - Stopped by Dustin Wolf without a rebound.
8:28 of 2nd period - Thomas Bordeleau wins face-off versus Linus Karlsson in Atlantic City Gamblers zone.
8:41 of 2nd period - Alexander Holtz is hit by Paul Cotter and loses puck.
8:55 of 2nd period - Nathan Bastian is hit by Hendrix Lapierre and loses puck.
9:24 of 2nd period - Noah Juulsen is hit by Joshua Roy and loses puck.
9:39 of 2nd period - Jordan Spence is hit by Linus Karlsson and loses puck.
9:48 of 2nd period - Nicolas Hague is hit by Jordan Spence and loses puck.
10:01 of 2nd period - Nathan Bastian is hit by Andreas Athanasiou and loses puck.
10:10 of 2nd period - Slapshot by Nils Hoglander.
10:10 of 2nd period - Stopped by Devon Levi with a rebound.
10:22 of 2nd period - Wrist shot by Thomas Bordeleau.
10:22 of 2nd period - Deflect By Matthew Poitras.
10:22 of 2nd period - Shot Misses the Net.
10:22 of 2nd period - Puck is out of play.
10:23 of 2nd period - Matthew Poitras wins face-off versus Ivan Miroshnichenko in Atlantic City Gamblers zone.
10:59 of 2nd period - Snap shot by Olle Lycksell.
10:59 of 2nd period - Shot Misses the Net.
11:45 of 2nd period - Nils Hoglander is hit by David Jiricek and loses puck.
13:01 of 2nd period - Off-side.
13:02 of 2nd period - Matthew Poitras wins face-off versus Linus Karlsson in neutral zone.
13:33 of 2nd period - Snap shot by Joshua Roy.
13:33 of 2nd period - Deflect By Hendrix Lapierre.
13:33 of 2nd period - Shot Blocked by Ben King.
13:33 of 2nd period - Puck is out of play.
13:34 of 2nd period - Kevin Rooney wins face-off versus Isac Lundestrom in Atlantic City Gamblers zone.
13:35 of 2nd period - Snap shot by Olle Lycksell.
13:35 of 2nd period - Stopped by Dustin Wolf with a rebound.
13:37 of 2nd period - Wrist shot by Dysin Mayo.
13:37 of 2nd period - Shot Misses the Net.
13:39 of 2nd period - Snap shot by Dysin Mayo.
13:39 of 2nd period - Shot Blocked by Nils Hoglander.
13:41 of 2nd period - Snap shot by Olle Lycksell.
13:41 of 2nd period - Stopped by Dustin Wolf with a rebound.
14:08 of 2nd period - Snap shot by Hendrix Lapierre.
14:08 of 2nd period - Stopped by Dustin Wolf without a rebound.
14:09 of 2nd period - Isac Lundestrom wins face-off versus Thomas Bordeleau in Atlantic City Gamblers zone.
14:09 of 2nd period - Isac Lundestrom is hit by Andreas Athanasiou.
14:15 of 2nd period - Snap shot by Andreas Athanasiou.
14:15 of 2nd period - Stopped by Dustin Wolf without a rebound.
14:16 of 2nd period - Isac Lundestrom wins face-off versus Thomas Bordeleau in Atlantic City Gamblers zone.
14:25 of 2nd period - Slapshot by Ronnie Attard.
14:25 of 2nd period - Shot Misses the Net.
14:41 of 2nd period - Snap shot by Isac Lundestrom.
14:41 of 2nd period - Stopped by Devon Levi with a rebound.
14:43 of 2nd period - Slapshot by Ronnie Attard.
14:43 of 2nd period - Stopped by Devon Levi with a rebound.
14:45 of 2nd period - Wrist shot by Boris Katchouk.
14:45 of 2nd period - Goal by Boris Katchouk - Atlantic City Gamblers : 1 - Quebec Remparts : 1.
14:46 of 2nd period - Nathan Bastian wins face-off versus Thomas Bordeleau in neutral zone.
14:51 of 2nd period - Wrist shot by Isac Lundestrom.
14:51 of 2nd period - Shot Blocked by Jordan Spence.
15:11 of 2nd period - David Jiricek is hit by Noah Juulsen and loses puck.
15:16 of 2nd period - Snap shot by Ivan Miroshnichenko.
15:16 of 2nd period - Shot Blocked by Paul Cotter.
15:21 of 2nd period - Off-side.
15:22 of 2nd period - Hendrix Lapierre wins face-off versus Isac Lundestrom in neutral zone.
15:27 of 2nd period - Wrist shot by Hendrix Lapierre.
15:27 of 2nd period - Shot Blocked by Nils Hoglander.
15:33 of 2nd period - Snap shot by Isac Lundestrom.
15:33 of 2nd period - Shot Misses the Net.
15:49 of 2nd period - Linus Karlsson is hit by Maximus Wanner and loses puck.
16:02 of 2nd period - Alexander Holtz is hit by Dysin Mayo and loses puck.
16:15 of 2nd period - Wrist shot by Ivan Miroshnichenko.
16:15 of 2nd period - Shot Blocked by Dysin Mayo.
16:17 of 2nd period - Wrist shot by Jakub Lauko.
16:17 of 2nd period - Stopped by Devon Levi with a rebound.
16:19 of 2nd period - Wrist shot by Ivan Miroshnichenko.
16:19 of 2nd period - Shot Misses the Net.
16:21 of 2nd period - Wrist shot by Jakub Lauko.
16:21 of 2nd period - Deflect By Ben King.
16:21 of 2nd period - Stopped by Devon Levi without a rebound.
16:22 of 2nd period - Hendrix Lapierre wins face-off versus Isac Lundestrom in Quebec Remparts zone.
16:33 of 2nd period - Wrist shot by Joshua Roy.
16:33 of 2nd period - Shot Misses the Net.
16:35 of 2nd period - Snap shot by Adam Edstrom.
16:35 of 2nd period - Stopped by Dustin Wolf with a rebound.
16:37 of 2nd period - Slapshot by David Jiricek.
16:37 of 2nd period - Shot Blocked by Simon Edvinsson.
16:47 of 2nd period - Andreas Athanasiou is hit by Ivan Miroshnichenko.
16:57 of 2nd period - Wrist shot by Andreas Athanasiou.
16:57 of 2nd period - Shot Hit the Post.
17:07 of 2nd period - Kevin Rooney is hit by Alexander Holtz and loses puck.
17:13 of 2nd period - Off-side.
17:14 of 2nd period - Hendrix Lapierre wins face-off versus Alexander Holtz in neutral zone.
17:19 of 2nd period - Snap shot by Joshua Roy.
17:19 of 2nd period - Stopped by Dustin Wolf with a rebound.
17:46 of 2nd period - Snap shot by Thomas Bordeleau.
17:46 of 2nd period - Stopped by Dustin Wolf with a rebound.
18:06 of 2nd period - Snap shot by Kevin Rooney.
18:06 of 2nd period - Stopped by Dustin Wolf with a rebound.
18:18 of 2nd period - Hendrix Lapierre is hit by Nicolas Hague and loses puck.
18:25 of 2nd period - Nicolas Hague is hit by Hendrix Lapierre and loses puck.
19:08 of 2nd period - Icing by Ryan Shea.
19:09 of 2nd period - Kevin Rooney wins face-off versus Jakub Lauko in Quebec Remparts zone.
19:22 of 2nd period - Slapshot by Kevin Rooney.
19:22 of 2nd period - Stopped by Dustin Wolf with a rebound.
19:30 of 2nd period - Minor Penalty to Ronnie Attard for Roughing.
19:31 of 2nd period - Thomas Bordeleau wins face-off versus Nils Hoglander in Atlantic City Gamblers zone.
Goals for this period are 1 for Atlantic City Gamblers vs 0 for Quebec Remparts.
Shots for this period are 7 for Atlantic City Gamblers vs 16 for Quebec Remparts.
3rd period
0:01 of 3rd period - Nathan Bastian wins face-off versus Hendrix Lapierre in neutral zone.
0:06 of 3rd period - Snap shot by Boris Katchouk.
0:06 of 3rd period - Stopped by Devon Levi with a rebound.
0:12 of 3rd period - Noah Juulsen is hit by Hendrix Lapierre and loses puck.
1:10 of 3rd period - Nils Hoglander is hit by Hendrix Lapierre and loses puck.
1:30 of 3rd period - Penalty to Ronnie Attard is over, Ronnie Attard is back on ice.
1:44 of 3rd period - Off-side.
1:45 of 3rd period - Jakub Lauko wins face-off versus Kevin Rooney in neutral zone.
1:48 of 3rd period - Slapshot by Noah Juulsen.
1:48 of 3rd period - Shot Misses the Net.
1:50 of 3rd period - Wrist shot by Ivan Miroshnichenko.
1:50 of 3rd period - Stopped by Devon Levi with a rebound.
1:52 of 3rd period - Wrist shot by Ben King.
1:52 of 3rd period - Stopped by Devon Levi with a rebound.
2:14 of 3rd period - Slapshot by Hendrix Lapierre.
2:14 of 3rd period - Stopped by Dustin Wolf with a rebound.
2:48 of 3rd period - Backhand shot by Kevin Rooney.
2:48 of 3rd period - Shot Misses the Net.
3:42 of 3rd period - Boris Katchouk is hit by Ryan Shea and loses puck.
4:48 of 3rd period - Minor Penalty to David Jiricek for Hooking.
4:49 of 3rd period - Hendrix Lapierre wins face-off versus Linus Karlsson in Quebec Remparts zone.
5:02 of 3rd period - Slapshot by Alexander Holtz.
5:02 of 3rd period - Deflect By Boris Katchouk.
5:02 of 3rd period - Goal by Boris Katchouk - Atlantic City Gamblers : 2 - Quebec Remparts : 1.
5:03 of 3rd period - Thomas Bordeleau wins face-off versus Isac Lundestrom in neutral zone.
5:35 of 3rd period - Slapshot by Joshua Roy.
5:35 of 3rd period - Goal by Joshua Roy - Atlantic City Gamblers : 2 - Quebec Remparts : 2.
5:36 of 3rd period - Thomas Bordeleau wins face-off versus Nils Hoglander in neutral zone.
6:03 of 3rd period - Hendrix Lapierre is hit by Linus Karlsson and loses puck.
6:24 of 3rd period - Backhand shot by Ronnie Attard.
6:24 of 3rd period - Stopped by Devon Levi without a rebound.
6:25 of 3rd period - Kevin Rooney wins face-off versus Jakub Lauko in Quebec Remparts zone.
6:46 of 3rd period - Wrist shot by Nils Hoglander.
6:46 of 3rd period - Shot Misses the Net.
7:02 of 3rd period - Snap shot by David Jiricek.
7:02 of 3rd period - Shot Blocked by Noah Juulsen.
7:04 of 3rd period - Wrist shot by Olle Lycksell.
7:04 of 3rd period - Shot Misses the Net.
7:06 of 3rd period - Wrist shot by Olle Lycksell.
7:06 of 3rd period - Shot Misses the Net.
7:08 of 3rd period - Wrist shot by David Jiricek.
7:08 of 3rd period - Shot Blocked by Nicolas Hague.
7:10 of 3rd period - Slapshot by Olle Lycksell.
7:10 of 3rd period - Stopped by Dustin Wolf with a rebound.
7:12 of 3rd period - Slapshot by David Jiricek.
7:12 of 3rd period - Shot Blocked by Noah Juulsen.
7:14 of 3rd period - Snap shot by Olle Lycksell.
7:14 of 3rd period - Shot Misses the Net.
7:16 of 3rd period - Snap shot by Olle Lycksell.
7:16 of 3rd period - Stopped by Dustin Wolf with a rebound.
7:18 of 3rd period - Slapshot by David Jiricek.
7:18 of 3rd period - Stopped by Dustin Wolf with a rebound.
7:20 of 3rd period - Slapshot by David Jiricek.
7:20 of 3rd period - Shot Blocked by Linus Karlsson.
7:22 of 3rd period - Snap shot by Jordan Spence.
7:22 of 3rd period - Shot Blocked by Noah Juulsen.
7:24 of 3rd period - Snap shot by Olle Lycksell.
7:24 of 3rd period - Shot Misses the Net.
7:28 of 3rd period - Wrist shot by Olle Lycksell.
7:28 of 3rd period - Stopped by Dustin Wolf with a rebound.
7:30 of 3rd period - Wrist shot by Rasmus Kupari.
7:30 of 3rd period - Shot Misses the Net.
7:32 of 3rd period - Slapshot by David Jiricek.
7:32 of 3rd period - Stopped by Dustin Wolf with a rebound.
7:34 of 3rd period - Slapshot by Olle Lycksell.
7:34 of 3rd period - Goal by Olle Lycksell - Atlantic City Gamblers : 2 - Quebec Remparts : 3.
7:35 of 3rd period - Isac Lundestrom wins face-off versus Thomas Bordeleau in neutral zone.
7:35 of 3rd period - Isac Lundestrom is hit by Maximus Wanner.
7:44 of 3rd period - Icing by Gavin White.
7:45 of 3rd period - Thomas Bordeleau wins face-off versus Nathan Bastian in Quebec Remparts zone.
8:02 of 3rd period - Slapshot by Ronnie Attard.
8:02 of 3rd period - Deflect By Nils Hoglander.
8:02 of 3rd period - Stopped by Devon Levi without a rebound.
8:03 of 3rd period - Hendrix Lapierre wins face-off versus Linus Karlsson in Quebec Remparts zone.
8:15 of 3rd period - Off-side.
8:16 of 3rd period - Isac Lundestrom wins face-off versus Thomas Bordeleau in neutral zone.
8:42 of 3rd period - Hendrix Lapierre is hit by Alexander Holtz and loses puck.
8:51 of 3rd period - Slapshot by Alexander Holtz.
8:51 of 3rd period - Shot Misses the Net.
9:11 of 3rd period - Snap shot by Jakub Lauko.
9:11 of 3rd period - Stopped by Devon Levi with a rebound.
9:13 of 3rd period - Slapshot by Ben King.
9:13 of 3rd period - Stopped by Devon Levi with a rebound.
9:15 of 3rd period - Wrist shot by Ben King.
9:15 of 3rd period - Shot Misses the Net.
9:27 of 3rd period - Yegor Sokolov is hit by Jakub Demek and loses puck.
9:32 of 3rd period - Wrist shot by Thomas Bordeleau.
9:32 of 3rd period - Deflect By Matthew Poitras.
9:32 of 3rd period - Stopped by Dustin Wolf with a rebound.
9:50 of 3rd period - Wrist shot by Alexander Holtz.
9:50 of 3rd period - Stopped by Devon Levi with a rebound.
10:10 of 3rd period - Slapshot by Ivan Miroshnichenko.
10:10 of 3rd period - Shot Misses the Net.
11:31 of 3rd period - Snap shot by Thomas Bordeleau.
11:31 of 3rd period - Shot Misses the Net.
11:33 of 3rd period - Slapshot by Thomas Bordeleau.
11:33 of 3rd period - Shot Misses the Net.
13:52 of 3rd period - Snap shot by Andreas Athanasiou.
13:52 of 3rd period - Shot Misses the Net.
16:24 of 3rd period - Noah Juulsen is hit by Kevin Rooney and loses puck.
18:52 of 3rd period - Icing by Jakub Lauko.
18:53 of 3rd period - Thomas Bordeleau wins face-off versus Isac Lundestrom in Atlantic City Gamblers zone.
18:56 of 3rd period - Snap shot by Paul Cotter.
18:56 of 3rd period - Shot Misses the Net.
18:58 of 3rd period - Snap shot by Gavin White.
18:58 of 3rd period - Deflect By Paul Cotter.
18:58 of 3rd period - Goal by Paul Cotter - Atlantic City Gamblers : 2 - Quebec Remparts : 4.
18:59 of 3rd period - Kevin Rooney wins face-off versus Nils Hoglander in neutral zone.
19:05 of 3rd period - Minor Penalty to Nils Hoglander for Interference.
19:06 of 3rd period - Nathan Bastian wins face-off versus Hendrix Lapierre in Atlantic City Gamblers zone.
19:42 of 3rd period - Snap shot by Andreas Athanasiou.
19:42 of 3rd period - Goal by Andreas Athanasiou - Atlantic City Gamblers : 2 - Quebec Remparts : 5.
19:43 of 3rd period - Isac Lundestrom wins face-off versus Thomas Bordeleau in neutral zone.
19:56 of 3rd period - Off-side.
19:57 of 3rd period - Isac Lundestrom wins face-off versus Hendrix Lapierre in neutral zone.
Goals for this period are 1 for Atlantic City Gamblers vs 4 for Quebec Remparts.
Shots for this period are 9 for Atlantic City Gamblers vs 11 for Quebec Remparts.
Back to the Top